Map: Muro dorado EE

Players

MrFercho

  • Race: Zerg Zerg
  • League: Silver
  • Spawn Location: 5:00

visualsutras - Winner!

  • Race: Protoss Protoss
  • Spawn Location: 7:00

VOD

Have the link to the VOD?

Description

Time

  • Played on: July 3, 2020, 10:28 a.m.
  • Length: 33:47
Show
View Real Time Build Order
Export as new Build Order

MrFercho Zerg 

Build Orders: Hatch First 

Get SALT Encoding   

  12  0:01  Drone  
  13  0:13  Overlord  
  13  0:17  Drone  
  14  0:31  Drone x2  
  16  0:51  Hatchery  
  16  0:52  Drone  
  16  1:00  Extractor  
  15  1:05  Drone x2  
  17  1:23  Spawning Pool  
  17  1:24  Drone x2  
  18  1:28  Drone  
  19  1:39  Overlord  
  19  1:51  Drone  
  21  2:13  Hatchery, Drone x2  
  22  2:17  Queen  
  24  2:26  Zergling x2  
  25  2:34  Drone  
  26  2:48  Zergling x2  
  27  2:57  Lair  
  27  3:06  Drone x2  
  29  3:22  Extractor  
  28  3:32  Drone x5  
  33  3:37  Drone  
  33  3:40  Queen  
  36  4:00  Roach Warren  
  35  4:14  Spine Crawler  
  31  4:26  Drone x5  
  36  4:44  Overlord  
  36  4:45  Overlord x2  
  36  5:10  Drone x4  
  36  5:12  Glial Reconstitution  
  38  5:25  Spore Crawler  
  38  5:26  Spore Crawler  
  36  5:33  Hydralisk Den  
  35  5:36  Spore Crawler  
  35  5:41  Spore Crawler  
  35  5:51  Spine Crawler  
  35  5:54  Spine Crawler  
  31  6:13  Hydralisk x3  
  31  6:17  Overlord x3  
  36  6:28  Evolution Chamber  
  35  6:35  Evolution Chamber  
  34  6:40  Spine Crawler  
  34  6:41  Spore Crawler  
  34  6:43  Hydralisk x4  
  34  6:45  Spine Crawler  
  38  7:30  Hatchery, Hydralisk x4  
  38  7:34  Zerg Missile Weapons Level 1  
  45  7:47  Hydralisk  
  47  7:58  Grooved Spines  
  47  8:03  Drone  
  47  8:04  Drone  
  49  8:24  Queen  
  51  8:28  Metabolic Boost  
  51  8:38  Hydralisk  
  51  8:40  Overlord  
  51  8:41  Overlord  
  53  8:50  Hatchery  
  53  8:52  Hatchery  
  51  8:57  Drone x2  
  51  8:58  Drone  
  54  9:12  Hydralisk x3  
  54  9:15  Overlord x2  
  54  9:16  Overlord  
  60  9:26  Extractor  
  60  9:27  Drone x3  
  60  9:28  Extractor  
  63  9:41  Hydralisk x2  
  65  9:54  Hydralisk x3  
  71  10:15  Drone x6  
  71  10:16  Drone  
  71  10:20  Drone  
  79  10:28  Overlord  
  79  10:35  Overseer  
  79  11:22  Spore Crawler  
  78  11:26  Spine Crawler  
  78  11:27  Hydralisk x7  
  78  11:28  Spine Crawler  
  90  11:41  Zerg Missile Weapons Level 2  
  88  12:36  Hydralisk x4  
  90  12:39  Drone x8  
  90  12:40  Drone  
  104  13:14  Drone x7  
  111  13:21  Muscular Augments  
  111  13:23  Zerg Ground Armor Level 1  
  111  13:25  Overlord x2  
  110  14:12  Lurker Den  
  110  14:16  Spire  
  108  14:31  Hatchery  
  108  14:36  Overlord  
  108  14:37  Overlord x2  
  108  14:38  Overlord  
  107  14:39  Overlord  
  107  14:56  Infestation Pit  
  106  15:32  Lurker x8  
  113  15:55  Extractor  
  112  15:58  Extractor  
  112  16:02  Drone x19  
  112  16:03  Drone x5  
  135  16:09  Overlord x3  
  135  16:10  Overlord  
  135  16:17  Hive  
  135  16:56  Hatchery  
  135  16:58  Extractor x2  
  132  17:07  Corruptor x3  
  132  17:08  Corruptor x7  
  152  17:30  Spore Crawler  
  152  17:32  Spine Crawler  
  152  17:35  Spine Crawler  
  149  17:43  Greater Spire  
  149  18:04  Roach  
  149  18:05  Roach x14  
  179  18:35  Zerg Missile Weapons Level 3  
  179  18:36  Zerg Ground Armor Level 2  
  179  18:42  Seismic Spines  
  179  18:56  Brood Lord x6  
  191  19:13  Drone x6  
  191  19:14  Drone x2  
  197  19:39  Adaptive Talons  
  197  20:09  Hydralisk  
  195  20:30  Overseer x3  
  195  20:34  Pneumatized Carapace  
  195  20:38  Drone x2  
  195  20:39  Drone x2  
  163  21:36  Corruptor  
  163  21:37  Corruptor x14  
  163  21:39  Hydralisk x3  
  191  22:03  Zerg Flyer Weapons Level 1  
  181  22:21  Hydralisk  
  181  22:22  Hydralisk x8  
  189  23:11  Drone x2  
  189  23:12  Drone x6  
  191  23:13  Drone  
  192  23:59  Brood Lord x3  
  192  24:00  Brood Lord  
  189  24:44  Mutalisk x4  
  189  24:45  Mutalisk  
  199  25:02  Hatchery  
  199  25:06  Corruptor  
  183  26:36  Corruptor x8  
  173  27:44  Hydralisk x15  
  191  28:23  Corruptor x7  
  197  28:47  Corruptor  
  192  29:42  Nydus Network  
  192  29:44  Zerg Ground Armor Level 3  
  191  29:57  Corruptor x4  
  198  30:27  Hatchery  
  197  30:38  Nydus Network  
  196  31:39  Nydus Canal  
  81  32:43  Corruptor x11  
  97  32:49  Extractor  
  97  32:51  Extractor  
Show
View Real Time Build Order
Export as new Build Order

visualsutras Protoss - Winner!

Build Orders:  

Get SALT Encoding   

  1  0:00  Probe  
  13  0:08  Probe  
  14  0:18  Probe  
  15  0:25  Pylon  
  15  0:47  Assimilator  
  15  0:50  Gateway  
  15  0:56  Assimilator  
  15  1:17  Pylon  
  15  1:21  Forge  
  15  1:28  Probe  
  15  1:30  Assimilator  
  16  1:36  Probe  
  16  1:41  Cybernetics Core  
  16  1:45  Probe  
  18  1:57  Photon Cannon  
  18  2:08  Pylon  
  18  2:19  Photon Cannon  
  18  2:34  Stargate  
  18  2:39  Zealot  
  20  3:01  Probe  
  21  3:09  Probe  
  21  3:15  Photon Cannon  
  22  3:40  Pylon  
  22  3:48  Void Ray  
  26  3:53  Warp Gate  
  26  4:13  Photon Cannon  
  24  4:37  Void Ray  
  28  4:40  Zealot  
  30  4:52  Pylon  
  30  4:59  Probe  
  31  5:07  Probe  
  32  5:42  Zealot  
  32  6:33  Twilight Council  
  32  6:40  Gateway  
  32  6:45  Pylon  
  32  7:01  Sentry  
  32  7:03  Pylon  
  32  7:06  Photon Cannon  
  34  7:12  Charge  
  34  7:27  Photon Cannon  
  34  7:29  Shield Battery  
  34  7:34  Pylon  
  34  7:36  Photon Cannon  
  34  7:43  Phoenix  
  36  7:50  Zealot x2  
  40  8:08  Nexus  
  40  8:17  Pylon  
  40  8:27  Stalker  
  40  8:29  Stalker  
  44  8:54  Protoss Ground Weapons Level 1  
  44  9:04  Dark Shrine  
  44  9:11  Photon Cannon  
  44  9:16  Assimilator  
  44  9:41  Robotics Facility  
  44  9:48  Pylon  
  44  9:56  Pylon  
  44  10:07  Probe  
  44  10:09  Probe  
  44  10:14  Oracle  
  46  10:15  Probe  
  47  10:22  Probe  
  47  10:24  Probe  
  52  10:34  Probe  
  53  10:36  Probe  
  53  10:42  Assimilator  
  54  10:46  Probe  
  54  10:48  Probe  
  56  10:51  Oracle  
  59  11:14  Shield Battery  
  59  11:16  Pylon  
  59  11:29  Robotics Bay  
  59  11:40  Protoss Shields Level 1  
  59  11:47  Pylon  
  59  11:50  Fleet Beacon  
  59  11:57  Protoss Air Weapons Level 1  
  49  12:15  Zealot  
  49  12:16  Zealot  
  53  12:29  Colossus  
  59  12:31  Extended Thermal Lance  
  59  12:43  Dark Templar  
  61  12:47  Dark Templar  
  63  13:26  Photon Cannon x2  
  63  13:32  Photon Cannon, Dark Templar  
  65  13:46  Colossus  
  71  14:13  Protoss Shields Level 2  
  71  14:24  Robotics Facility  
  71  14:27  Gateway  
  71  14:35  Pylon  
  71  14:36  Unknown  
  71  14:47  Probe x2  
  73  14:59  Probe  
  74  15:06  Observer  
  73  15:26  Gateway  
  73  15:33  Anion Pulse-Crystals  
  73  15:35  Dark Templar  
  75  15:39  Nexus  
  75  15:50  Dark Templar  
  77  15:59  Dark Templar  
  79  16:07  Carrier  
  85  16:15  Pylon  
  85  16:19  Archon x2  
  85  16:30  Zealot  
  87  16:41  Zealot  
  87  16:44  Zealot  
  91  16:55  Zealot  
  93  17:02  Zealot  
  93  17:08  Zealot  
  97  17:12  Probe x2  
  97  17:13  Probe  
  100  17:23  Shield Battery  
  100  17:24  Probe x2  
  100  17:25  Probe  
  103  17:33  Pylon  
  103  17:36  Probe  
  103  17:37  Sentry, Probe  
  105  17:41  Sentry  
  109  17:47  Zealot  
  109  17:50  Zealot  
  85  18:31  Zealot x2  
  85  18:33  Probe  
  85  18:34  Probe x2  
  92  18:40  Assimilator  
  92  18:45  Assimilator, Probe  
  92  18:46  Probe x2  
  95  18:55  Photon Cannon  
  95  18:58  Probe x3  
  98  19:03  Photon Cannon  
  98  19:10  Probe x3  
  101  19:22  Probe  
  102  19:30  Colossus  
  108  19:34  Protoss Ground Armor Level 1  
  108  19:46  Phoenix  
  110  20:07  Void Ray  
  109  20:15  Nexus  
  109  20:16  Gateway  
  109  20:18  Pylon  
  111  20:23  Colossus  
  117  20:29  Fleet Beacon  
  117  20:33  Stargate  
  113  20:50  Void Ray  
  109  21:12  Stalker  
  109  21:13  Stalker x2  
  109  21:17  Colossus  
  119  21:37  Observer  
  120  21:43  Pylon  
  120  21:45  Void Ray x2  
  128  21:50  Probe x2  
  128  21:51  Probe x2  
  132  22:02  Probe  
  132  22:03  Probe x3  
  136  22:15  Probe x4  
  140  22:18  Void Ray x2  
  140  22:27  Probe  
  141  22:40  Protoss Air Weapons Level 2  
  129  22:44  Stalker  
  129  22:46  Stalker  
  117  23:01  Void Ray x2  
  107  23:14  Colossus  
  113  23:32  Shield Battery  
  113  23:35  Pylon  
  113  23:39  Assimilator  
  113  23:44  Photon Cannon  
  113  23:51  Photon Cannon  
  113  23:56  Void Ray x2  
  121  24:08  Nexus  
  121  24:38  Void Ray x2  
  121  24:40  Zealot x4  
  137  24:46  Pylon  
  137  24:51  Assimilator  
  137  24:55  Assimilator  
  137  24:58  Pylon  
  137  25:05  Pylon  
  137  25:16  Nexus  
  137  25:19  Assimilator  
  137  25:21  Void Ray x2, Assimilator  
  145  25:53  Shield Battery  
  145  25:57  Shield Battery  
  145  26:04  Void Ray x2  
  153  26:16  Stargate  
  149  26:39  Stargate  
  149  26:46  Pylon  
  149  26:47  Carrier x2, Colossus  
  149  26:49  Robotics Facility  
  167  27:21  Photon Cannon  
  129  27:41  Colossus  
  135  27:51  Carrier  
  135  27:52  Carrier  
  147  28:14  Shield Battery  
  135  28:27  Protoss Shields Level 3  
  135  28:55  Void Ray x3  
  143  28:56  Carrier  
  153  29:13  Cybernetics Core  
  153  29:16  Protoss Air Weapons Level 3  
  153  29:38  Void Ray x3  
  165  29:47  Protoss Air Armor Level 1  
  165  29:59  Void Ray  
  165  30:01  Forge  
  169  30:20  Void Ray  
  169  30:21  Tempest x2  
  178  30:24  Protoss Ground Weapons Level 2  
  183  30:34  Nexus  
  183  30:38  Assimilator  
  183  30:40  Colossus  
  183  30:42  Assimilator, Tempest  
  195  30:50  Observer  
  195  30:52  Gravitic Drive  
  195  30:56  Nexus  
  195  30:58  Assimilator  
  195  31:00  Assimilator  
  195  31:03  Tempest  
  200  31:49  Gravitic Boosters  
  184  32:32  Void Ray x4  
  199  33:34  Probe  
Tags
 
League
Silver
Matchup
PvZ
Replay Pack
MrFercho
Spawn Locations
Close Positions
Add a new tag
Caveats
  • Supply blocks, unpowered buildings, or Contaminate may cause inaccurate times.
  • Supply counts are checked every 10 seconds.